AoeStats
← 花开未相随

Arena

509846886Analyzed
4v4 RM · 4d ago on Sep 28, 2026· 36m 3s· 8 players
Game mode
Random Map
Map size
Large (8 player)
Population
200
Speed
Normal
Resources
Standard
Victory
Conquest
Starting age
Dark Age
Ending age
Imperial Age
RankedLock teamsTeams togetherTeam positionsShared explorationLock speedFull tech treeHidden civsTurbo modeCheats
Victory
Defeat
🇨🇳 Italians · China
1080
+16
🇨🇳 Bohemians · China
1068
+16
🇨🇳 Turks · China
1049
+17
🇨🇳 Japanese · China
1046
+17
🇹🇼 Saxons · Taiwan
1099
-17
🇵🇱 Bohemians · Poland
1087
-17
🇺🇸 Vietnamese · United States
1062
-16
🇫🇮 Magyars · Finland
1061
-16
渣渣灰
11:33 Feudal Age
15:53 Castle Age
14:08 Double-Bit Axe
15:01 Horse Collar
21:49 Man-at-Arms
22:15 Gambesons
24:41 Heavy Plow
25:25 Long Swordsman
26:26 Forging
30:27 Imperial Age
29:17 Iron Casting
28:42 Scale Mail Armor
28:50 Scale Barding Armor
29:13 Stone Mining
29:14 Gold Mining
30:18 Wheelbarrow
29:31 Loom
30:19 Fletching
31:04 Bow Saw
31:34 Gold Shaft Mining
31:21 Chain Mail Armor
31:50 Hand Cart
33:12 Blast Furnace
32:43 Plate Mail Armor
34:08 Two-Man Saw
33:26 Elite Samurai
33:57 Treadmill Crane
35:29 Chemistry
34:52 Ballistics
35:20 Caravan
35:55 Coinage
ydyk123
10:36 Feudal Age
11:27 Double-Bit Axe
15:21 Castle Age
13:22 Horse Collar
16:22 Bow Saw
21:05 Loom
28:14 Imperial Age
26:09 Heavy Plow
27:11 Wheelbarrow
27:47 Pikeman
28:28 Squires
30:16 Chemistry
29:36 Ballistics
29:10 Halberdier
30:18 Hand Cart
31:37 Forging
31:32 Scale Barding Armor
31:28 Scale Mail Armor
33:22 Iron Casting
33:19 Fletching
33:30 Padded Archer Armor
33:13 Elite Skirmisher
35:21 Blast Furnace
34:37 Chain Mail Armor
35:52 Two-Man Saw
花开未相随
7:28 Loom
10:55 Feudal Age
9:10 Loom
15:18 Castle Age
14:24 Double-Bit Axe
14:36 Gold Mining
16:27 Bow Saw
23:14 Horse Collar
28:49 Imperial Age
27:43 Wheelbarrow
28:49 Hand Cart
28:39 Fletching
28:50 Padded Archer Armor
30:30 Chemistry
29:32 Capped Ram
31:04 Bodkin Arrow
31:25 Leather Archer Armor
31:45 Thumb Ring
32:08 Ballistics
33:24 Conscription
34:19 Bracer
34:15 Treadmill Crane
34:45 Masonry
34:53 Heavy Plow
35:20 Onager
37:12 Ring Archer Armor
1627714649
14:38 Feudal Age
15:08 Horse Collar
15:21 Gold Mining
15:19 Double-Bit Axe
18:14 Castle Age
20:04 Gold Shaft Mining
22:43 Imperial Age
21:48 Padded Archer Armor
30:56 Wheelbarrow
32:05 Bow Saw
33:44 Leather Archer Armor
33:51 Ballistics
34:36 Hand Cart
34:07 Loom
34:48 Stone Mining
Bamboozled Kiwi
8:35 Loom
10:51 Feudal Age
11:20 Double-Bit Axe
11:45 Horse Collar
19:01 Castle Age
20:23 Bow Saw
20:49 Heavy Plow
20:44 Fletching
24:43 Murder Holes
24:59 Masonry
32:10 Padded Archer Armor
35:00 Bodkin Arrow
35:20 Leather Archer Armor
Rölli
2:04 Loom
9:43 Feudal Age
10:33 Horse Collar
10:40 Double-Bit Axe
17:48 Castle Age
19:47 Bow Saw
20:33 Heavy Plow
24:14 Gold Mining
25:18 Wheelbarrow
28:46 Imperial Age
28:09 Bloodlines
28:00 Husbandry
28:22 Ballistics
28:24 Thumb Ring
28:27 Fletching
28:37 Padded Archer Armor
28:43 Scale Barding Armor
30:19 Parthian Tactics
29:58 Heavy Cavalry Archer
31:38 Gold Shaft Mining
32:01 Recurve Bow
32:00 Bodkin Arrow
32:20 Leather Archer Armor
35:09 Bracer
35:40 Ring Archer Armor
WilliamWei
10:42 Feudal Age
11:47 Loom
14:21 Castle Age
12:14 Double-Bit Axe
12:50 Horse Collar
16:16 Wheelbarrow
16:32 Bow Saw
16:39 Heavy Plow
24:10 Hand Cart
24:41 Gold Mining
25:43 Fletching
25:20 Crossbowman
26:47 Thumb Ring
27:12 Bodkin Arrow
27:45 Padded Archer Armor
32:16 Imperial Age
30:13 Leather Archer Armor
30:14 Thumb Ring
steffens-spieleadresse
11:02 Feudal Age
14:45 Castle Age
13:18 Double-Bit Axe
14:23 Horse Collar
14:40 Stone Mining
17:01 Bow Saw
22:10 Loom
24:21 Wheelbarrow
23:49 Fletching
24:00 Padded Archer Armor
27:33 Hand Cart
31:29 Imperial Age
31:40 Elite Skirmisher
36:09 Chemistry
Connection lost

Rejoining the realm…

Still unreachable

The connection could not be restored.

Session expired

The server has moved on; the page needs a fresh start.